 Dungeon Crawl Stone Soup version 0.30-a0-782-ge64f9170bb (webtiles) character file.

Game seed: 2078005474401131243

4209 Dirtsage the Cleaver (level 10, -9/75 HPs)
             Began as a Demonspawn Berserker on Mar 16, 2023.
             Was an Elder of Trog.
             Mangled by jazmu's ghost (13 damage)
             ... on level 8 of the Dungeon.
             The game lasted 00:15:05 (6622 turns).

Dirtsage the Cleaver (Demonspawn Berserker)         Turns: 6622, Time: 00:15:05

Health: -9/75      AC: 18    Str: 22    XL:     10   Next: 8%
Magic:  10/10      EV:  7    Int:  9    God:    Trog [****..]
Gold:   744        SH:  0    Dex: 12    Spells: 9/9 levels left

rFire   . . .      SeeInvis .    m - +0 war axe
rCold   . . .      Faith    .    (no shield)
rNeg    + . .      Spirit   .    o - +1 plate armour {rN+}
rPois   .          Reflect  .    s - +0 helmet
rElec   .          Harm     .    F - +0 cloak
rCorr   .          Rampage  .    w - +0 pair of gloves
Will    .....                    (no boots) Stlth
                                 n - amulet of regeneration
HPRegen 1.12/turn                (no ring)
MPRegen 0.12/turn                (no ring)

@: on berserk cooldown, slowed, very slow
A: rugged brown scales 3, spiny 1, weakness stinger 1
a: Renounce Religion, Berserk, Trog's Hand, Brothers in Arms


You were on level 8 of the Dungeon.
You worshipped Trog.
Trog was greatly pleased with you.
You visited 2 branches of the dungeon, and saw 9 of its levels.
You also visited: Ossuary.

You collected 744 gold pieces.

Inventory:

Hand Weapons
 m - a +0 war axe (weapon)
 u - a +2 hand axe of venom
Missiles
 f - 3 throwing nets (quivered)
Armour
 o - a +1 plate armour of positive energy (worn)
 s - a +0 helmet (worn)
 w - a +0 pair of gloves (worn)
 E - a +0 kite shield
 F - a +0 cloak (worn)
Jewellery
 n - an amulet of regeneration (around neck)
 G - a +6 ring of intelligence
Wands
 e - a wand of flame (24)
 q - a wand of polymorph (4)
 y - a wand of light (4)
 A - a wand of charming (5)
 D - a wand of digging (2)
Scrolls
 a - 2 scrolls of poison
 g - 4 scrolls of fear
 i - 2 scrolls of identify
 j - 3 scrolls of amnesia
 l - 3 scrolls of enchant armour
 p - a scroll of immolation
 r - a scroll of vulnerability {unknown}
 t - 5 scrolls of teleportation
 B - 2 scrolls of blinking
Potions
 b - 2 potions of lignification
 c - a potion of attraction
 d - 7 potions of mutation
 h - a potion of flight
 k - 11 potions of curing {unknown}
 v - 2 potions of berserk rage
 x - 3 potions of brilliance
 z - 7 potions of heal wounds {unknown}
 C - a potion of cancellation


   Skills:
 + Level 4.1 Fighting
 * Level 12.8 Axes
 + Level 3.1 Armour
 + Level 3.1 Dodging


You had 9 spell levels left.
You didn't know any spells.
Your spell library contained the following spells:

 Spells                   Type           Power      Damage    Failure   Level
 Kindle Blastsparks       Fire/Tloc/Air  0%         2d10      100%        3
 Animate Dead             Necr           0%         N/A       100%        4
 Fulminant Prism          Conj/Hex       0%         3d5       100%        4
 Iskenderun's Mystic Bla  Conj/Tloc      0%         2d3       100%        4
 Borgnjor's Vile Clutch   Necr/Erth      0%         N/A       100%        5
 Lee's Rapid Deconstruct  Erth           0%         3d4*      100%        5
 Death Channel            Necr           0%         N/A       100%        6


Dungeon Overview and Level Annotations

Branches:
Dungeon (8/15)             Temple (1/1) D:7         Ossuary (visited)
   Lair: D:8-11

Altars:
Cheibriados
Dithmenos
Fedhas
Gozag
Hepliaklqana
Kikubaaqudgha
Makhleb
Nemelex Xobeh
Okawaru
Qazlal
Sif Muna
Trog
Uskayaw
Vehumet
Wu Jian
Xom
Yredelemnul

Annotations:
D:8 1 transporter, jazmu's ghost, adept FoHu


Innate Abilities, Weirdness & Mutations

You are completely covered in rugged brown scales. (AC +3, +7% HP)
You are partially covered in sharp spines.
You have a small tail.


Message History

You regained 2 hp, and now have 20/75 hp.
Jazmu's ghost hits you.
* * * LOW HITPOINT WARNING * * *
Your ogre completely misses jazmu's ghost.
Jazmu's ghost hits you.
* * * LOW HITPOINT WARNING * * *
You see here a +6 ring of dexterity.
You take 10 damage, and have 10/75 hp.
You miss jazmu's ghost.
Jazmu's ghost is heavily damaged.
Your ogre completely misses jazmu's ghost.
Jazmu's ghost hits you but does no damage.
You regained 2 hp, and now have 12/75 hp.
Your ogre misses jazmu's ghost. Jazmu's ghost hits your ogre!
Your ogre completely misses jazmu's ghost.
Jazmu's ghost hits your ogre!
Your ogre dies!
Your ogre's corpse disappears in a puff of smoke!
You regained 2 hp, and now have 15/75 hp.
Jazmu's ghost attacks as you move away!
Jazmu's ghost hits you but does no damage. x2
You regained 2 hp, and now have 17/75 hp.
Jazmu's ghost attacks as you move away!
Jazmu's ghost hits you but does no damage.
You see here a +6 ring of intelligence.
G - a +6 ring of intelligence Jazmu's ghost hits you but does no damage.
Jazmu's ghost hits you!
* * * LOW HITPOINT WARNING * * *
You take 13 damage, and have 5/75 hp.
You regained 2 hp, and now have 7/75 hp.
Jazmu's ghost hits you but does no damage.
Jazmu's ghost hits you.
* * * LOW HITPOINT WARNING * * *
You take 5 damage, and have 2/75 hp.
Jazmu's ghost attacks as you move away!
Jazmu's ghost hits you but does no damage.
You regained 2 hp, and now have 4/75 hp.
Jazmu's ghost attacks as you move away! Jazmu's ghost hits you!
You die...

##..#.............#..#.#.......
###..####.©.####......#.......
##.##..#####..###......>.....
#..#....??[..#..##..........#
#.##.##..=###....#..........#
#.#.....#.....#.##..........#
#.#..##..©.!#..©#............
#.#......#..##..#............
#.##...#...#@...#............
#..#....#..W...##............
##.#####..###.##..##.........
#.....####©###....##........
###............#..###.......
#######...##..#.##...# #.......
#...###......#.......###.......
##...........#..........#)##.#.#
#..#.........#...#.....)....####


You could see jazmu's ghost.

Vanquished Creatures
  Joseph (D:8)
  Prince Ribbit (D:8)
  2 steam dragons
  Grum (D:8)
  2 water moccasins
  2 black bears (D:5)
  Duvessa (D:6)
  2 ice beasts (D:7)
  2 ogres (D:5)
  4 wolves (D:8)
  A phantom (D:4)
  A kobold brigand (D:5)
  2 bullfrogs
  A gnoll sergeant (D:8)
  2 necrophages (D:4)
  4 scorpions
  Dowan (D:6)
  4 killer bees (D:7)
  2 quasits (D:8)
  2 hounds (D:6)
  3 jellies
  7 orc priests
  3 gnoll boudas
  An iguana (D:6)
  7 orc wizards
  9 mummies
  Robin (D:3)
  21 gnolls
  4 adders
  3 shadow imps
  A white imp (D:5)
  2 ufetubi (D:4)
  A worm (D:3)
  2 dart slugs
  16 orcs
  6 ball pythons
  6 bats
  10 endoplasms
  2 giant cockroaches (D:1)
  10 goblins
  8 hobgoblins
  9 jackals
  10 kobolds
  4 quokkas
  4 frilled lizards
  3 hobgoblin zombies (Ossuary)
  3 kobold zombies (Ossuary)
  2 orc zombies (Ossuary)
  4 rats
200 creatures vanquished.

Vanquished Creatures (collateral kills)
  A quasit (D:8)
1 creature vanquished.

Vanquished Creatures (others)
  2 fungi (D:4)
  2 plants (D:1)
4 creatures vanquished.

Grand Total: 205 creatures vanquished

Notes
Turn   | Place    | Note
-------+----------+-------------------------------------------
     0 | D:1      | Dirtsage the Demonspawn Berserker began the quest for the
                  | Orb.
     0 | D:1      | Reached XP level 1. HP: 18/18 MP: 1/1
    94 | D:1      | Reached skill level 3 in Axes
   153 | D:1      | Found a faded altar of an unknown god.
   291 | D:1      | Gained mutation: You are partially covered in rugged brown
                  | scales. (AC +1, +3% HP) [demonic ancestry]
   291 | D:1      | Reached XP level 2. HP: 18/24 MP: 2/2
  1343 | D:2      | Reached skill level 4 in Axes
  1343 | D:2      | Gained mutation: You are mostly covered in rugged brown
                  | scales. (AC +2, +5% HP) [demonic ancestry]
  1343 | D:2      | Reached XP level 3. HP: 24/30 MP: 3/3
  1602 | D:2      | Reached ** piety under Trog
  2638 | D:3      | Reached XP level 4. HP: 36/36 MP: 4/4
  2715 | D:3      | Noticed Robin
  2729 | D:3      | Killed Robin
  2811 | D:3      | Found a sparkling altar of Nemelex Xobeh.
  3059 | D:4      | Noticed a necrophage
  3064 | D:4      | Reached skill level 5 in Axes
  3068 | D:4      | Killed a necrophage
  3069 | D:4      | Gained mutation: You are completely covered in rugged brown
                  | scales. (AC +3, +7% HP) [demonic ancestry]
  3069 | D:4      | Reached XP level 5. HP: 35/43 MP: 5/5
  3121 | D:5      | Entered Level 5 of the Dungeon
  3121 | D:5      | Noticed a black bear
  3121 | D:5      | Found an iron altar of Okawaru.
  3129 | D:5      | Killed a black bear
  3130 | D:5      | Reached skill level 6 in Axes
  3130 | D:5      | Reached XP level 6. HP: 17/50 MP: 6/6
  3197 | D:4      | Reached skill level 7 in Axes
  3247 | D:4      | Gained mutation: You are partially covered in sharp spines.
                  | [demonic ancestry]
  3247 | D:4      | Reached XP level 7. HP: 55/55 MP: 7/7
  3260 | D:4      | Identified the +2 robe of Noffa {Str+5}
  3560 | D:5      | Reached skill level 8 in Axes
  3657 | D:5      | Reached *** piety under Trog
  3690 | D:5      | Noticed a steam dragon
  3698 | D:5      | Reached skill level 9 in Axes
  3698 | D:5      | Gained mutation: You have a small tail. [demonic ancestry]
  3698 | D:5      | Reached XP level 8. HP: 62/62 MP: 8/8
  4117 | D:6      | Reached skill level 10 in Axes
  4140 | D:6      | Noticed Dowan
  4140 | D:6      | Noticed Duvessa
  4148 | D:6      | Killed Duvessa
  4150 | D:6      | Killed Dowan
  4233 | D:6      | Found a sand-covered staircase.
  4243 | Ossuary  | Entered an ossuary
  4691 | D:6      | Found a shimmering altar of Xom.
  4709 | D:6      | Reached skill level 11 in Axes
  4709 | D:6      | Reached XP level 9. HP: 67/67 MP: 9/9
  4961 | D:7      | Found a shadowy altar of Dithmenos.
  4963 | D:7      | Found a shimmering blue altar of Sif Muna.
  4965 | D:7      | Found an opulent altar of Gozag.
  4965 | D:7      | Found an ancient bone altar of Kikubaaqudgha.
  5267 | D:7      | Reached **** piety under Trog
  5269 | D:7      | Found a hide-covered altar of Uskayaw.
  5272 | D:7      | Reached skill level 12 in Axes
  5394 | D:7      | Found a staircase to the Ecumenical Temple.
  5413 | Temple   | Entered the Ecumenical Temple
  5781 | D:8      | Noticed Grum
  5793 | D:8      | Killed Grum
  5883 | D:8      | Noticed Prince Ribbit
  5893 | D:8      | Killed Prince Ribbit
  5977 | D:8      | Found a transporter.
  5981 | D:8      | Noticed jazmu's ghost (adept FoHu)
  6101 | D:8      | Noticed Joseph
  6130 | D:8      | Killed Joseph
  6131 | D:8      | Reached XP level 10. HP: 51/75 MP: 10/10
  6436 | D:8      | Found a transporter.
  6620 | D:8      | HP: 2/75 [jazmu's ghost (6)]
  6622 | D:8      | Mangled by jazmu's ghost

Illustrated notes

Levels and vault maps discovered:
D:1:      kilobyte_arrival_exit_the_forest, layout_basic,
          basic_ecumenical_altar, moated_statue, chequers_serial_rivers_room_b,
          minmay_misc_feat_columns, chequers_big_river, minmay_misc_feat_rows
D:2:      layout_basic, serial_glass, glass_columns_a, glass_columns_b,
          glass_columns_b, glass_columns_b, minmay_box_of_dots
D:3:      layout_basic, mainiacjoe_overflow_surrounded_room,
          minmay_strange_pillars, uniq_robin
D:4:      layout_rooms, mainiacjoe_overflow_chevrons
D:5:      layout_cave_pools, okawaru_trees_1
D:6:      layout_basic, lemuel_round_altar, gup_ossuary_entry_pyramid,
          uniq_duvessa
D:7:      layout_loops_cross, chequers_temple_overflow_statue_of_worship,
          mainiacjoe_overflow_brackets, minmay_temple_entry_fiery,
          amcnicky_mini_pool_small
D:8:      layout_cave_pools, gammafunk_ghost_stat_death, uniq_grum, uniq_joseph,
          uniq_prince_ribbit1
Temple:   jpeg_temple_clearing

Skill      XL: |  1  2  3  4  5  6  7  8  9 |
---------------+----------------------------+-----
Axes           | 3 4 5 6 7 9 11 12 | 12.8
Armour         | 3 |  3.1
Dodging        | 3 |  3.1
Fighting       | 4 |  4.1

Action                     |  1- 3 |  4- 6 |  7- 9 | 10-12 || total
---------------------------+-------+-------+-------+-------++-------
  Melee: Hand axe          |   119 |       |    16 |       ||   135
         Punch             |     2 |     1 |     4 |       ||     7
         War axe           |    35 |   113 |   258 |    73 ||   479
         Tailslap          |       |       |    28 |     6 ||    34
 Invoke: Berserk           |       |     2 |     5 |     1 ||     8
         Trog's Hand       |       |       |     1 |       ||     1
         Brothers in Arms  |       |       |       |     2 ||     2
    Use: Scroll            |       |       |    16 |       ||    16
 Armour: Ring mail         |    36 |       |       |       ||    36
         Animal skin       |     2 |       |       |       ||     2
         Scale mail        |    38 |    10 |       |       ||    48
         Plate armour      |       |   109 |   203 |    80 ||   392
  Dodge: Dodged            |    98 |    48 |    78 |    32 ||   256

Table legend: (Time is in decaauts)
 A = Elapsed time spent in this place.
 B = Non-inter-level travel time spent in this place.
 C = Inter-level travel time spent in this place.
 D = Time resting spent in this place.
 E = Time spent auto-exploring this place.
 F = Levels seen in this place.
 G = Mean time per level.
                   A        B        C        D        E       F      G
               +--------+--------+--------+--------+--------+-----+--------+
         Total |   6713 |   6492 |    221 |    430 |   4676 |  10 |  671.3 |
       Dungeon |   6296 |   6087 |    209 |    279 |   4503 |   8 |  787.0 |
        Temple |     85 |     73 |     12 |      0 |     61 |   1 |   85.0 |
       Ossuary |    331 |    331 |      0 |    150 |    112 |   1 |  331.0 |
               +--------+--------+--------+--------+--------+-----+--------+

Top non-repeatable levels by time:
     D:1: 1190 daAuts
     D:3: 1126 daAuts
     D:8: 822 daAuts
     D:7: 770 daAuts
     D:2: 724 daAuts
     D:5: 609 daAuts
     D:4: 544 daAuts
     D:6: 506 daAuts
 Ossuary: 331 daAuts
  Temple: 85 daAuts
